| TOP OF THE 1ST |
|
Corpus Christi Hooks batting - Pitching for Midland RockHounds : RHP Nick Kirk
|
|
Pitching: RHP Nick Kirk
|
|
|
Batting: RHB Antonio Aranda
|
0-0: Ground out 6-3 (Groundball, 6S, EV 88.8 MPH)
|
|
Batting: RHB Antonio Gamez
|
0-0: Foul Ball, location: 2F 0-1: Foul Ball, location: 2F 0-2: Ball 1-2: Foul Ball, location: 2F 1-2: Strikes out looking
|
|
Batting: LHB Angelo Vasquez
|
0-0: Called Strike 0-1: Called Strike 0-2: Ball 1-2: Strikes out swinging
|
| Top of the 1st over - 0 runs, 0 hits, 0 errors, 0 left on base; Corpus Christi 0 - Midland 0 |
| BOTTOM OF THE 1ST |
|
Midland RockHounds batting - Pitching for Corpus Christi Hooks : RHP Mike Chisolm
|
|
Pitching: RHP Mike Chisolm
|
|
|
Batting: LHB Angel Sanchez
|
0-0: Ball 1-0: Called Strike 1-1: Called Strike 1-2: Ball 2-2: DOUBLE (Line Drive, 7LM, EV 104.4 MPH)
|
|
Batting: RHB Mario Ramos
|
0-0: Foul Ball, location: 2F 0-1: Foul Ball, location: 2F 0-2: Ball 1-2: Ball 2-2: Foul Ball, location: 2F 2-2: Ground out 5-3 (Groundball, 56, EV 86.9 MPH)
|
|
Batting: RHB Josh Sinden
|
0-0: Ball 1-0: Called Strike 1-1: Ball 2-1: Ground out 5-3 (Groundball, 5L, EV 94.4 MPH)
|
|
Batting: LHB John Shults
|
0-0: Foul Ball, location: 2F 0-1: DOUBLE (Line Drive, 89D, EV 109.4 MPH) Angel Sanchez scores
|
|
Batting: LHB Chance Stever
|
0-0: Called Strike 0-1: Foul Ball, location: 2F 0-2: Strikes out swinging
|
| Bottom of the 1st over - 1 run, 2 hits, 0 errors, 1 left on base; Corpus Christi 0 - Midland 1 |
| TOP OF THE 2ND |
|
Corpus Christi Hooks batting - Pitching for Midland RockHounds : RHP Nick Kirk
|
|
Batting: LHB Sean Trueblood
|
0-0: Called Strike 0-1: Ball 1-1: Called Strike 1-2: Strikes out swinging
|
|
Batting: LHB Daniel Lopez
|
0-0: SINGLE (Line Drive, 56D, EV 100.0 MPH)
|
|
Batting: RHB Jim Huff
|
0-0: Ball 1-0: Called Strike 1-1: Swinging Strike 1-2: Ball 2-2: Strikes out swinging
|
|
Batting: RHB Jordan Williams
|
0-0: Ball 1-0: Ball 2-0: Ball 3-0: Called Strike 3-1: Ground out 4-3 (Groundball, 4, EV 81.3 MPH)
|
| Top of the 2nd over - 0 runs, 1 hit, 0 errors, 1 left on base; Corpus Christi 0 - Midland 1 |
| BOTTOM OF THE 2ND |
|
Midland RockHounds batting - Pitching for Corpus Christi Hooks : RHP Mike Chisolm
|
|
Batting: SHB John Cummings
|
0-0: Ball 1-0: Ball 2-0: Ball 3-0: Base on Balls
|
|
Batting: RHB Zack DiCicco
|
0-0: Ball 1-0: DOUBLE (Line Drive, 5D, EV 95.6 MPH) John Cummings to third
|
|
Batting: RHB Fathi Addae
|
0-0: Called Strike 0-1: Swinging Strike 0-2: Ball 1-2: Fly out, F8 (Flyball, 89D, EV 99.4 MPH) Runner from 3rd tags up, OUT at HOME! 8-2 Zack DiCicco to third
|
|
Batting: RHB Bastiaan Leenders
|
0-0: Called Strike 0-1: Foul Ball, location: 2F 0-2: Fly out, F9 (Flyball, 9S, EV 83.8 MPH)
|
| Bottom of the 2nd over - 0 runs, 1 hit, 0 errors, 1 left on base; Corpus Christi 0 - Midland 1 |
| TOP OF THE 3RD |
|
Corpus Christi Hooks batting - Pitching for Midland RockHounds : RHP Nick Kirk
|
|
Batting: RHB Zach Shaughnessy
|
0-0: SINGLE (Groundball, 4MD, EV 106.9 MPH)
|
|
Batting: RHB Ray Finkle
|
0-0: Foul Ball, location: 2F 0-1: Swinging Strike 0-2: Ball 1-2: Ball 2-2: Ball 3-2: Foul Ball, location: 2F 3-2: Strikes out looking
|
|
Batting: RHB Antonio Aranda
|
0-0: Called Strike 0-1: Ball 1-1: Foul Ball, location: 2F 1-2: Strikes out swinging
|
|
Batting: RHB Antonio Gamez
|
0-0: Foul Ball, location: 2F 0-1: Swinging Strike 0-2: Strikes out swinging
|
| Top of the 3rd over - 0 runs, 1 hit, 0 errors, 1 left on base; Corpus Christi 0 - Midland 1 |
| BOTTOM OF THE 3RD |
|
Midland RockHounds batting - Pitching for Corpus Christi Hooks : RHP Mike Chisolm
|
|
Batting: LHB Angel Sanchez
|
0-0: Reached on error, E6 (Groundball, 6S, EV 74.4 MPH)
|
|
Batting: RHB Mario Ramos
|
0-0: Ball 1-0: Called Strike 1-1: Ball 2-1: Called Strike 2-2: Ball 3-2: Hit by Pitch Angel Sanchez to second
|
|
Batting: RHB Josh Sinden
|
0-0: Ball 1-0: Called Strike 1-1: Foul Ball, location: 2F 1-2: Strikes out looking
|
|
Batting: LHB John Shults
|
0-0: Called Strike 0-1: Foul Ball, location: 2F 0-2: Strikes out swinging
|
|
Batting: LHB Chance Stever
|
0-0: Called Strike 0-1: Swinging Strike 0-2: Fielders Choice at 2nd, U6 (Groundball, 6M, EV 101.9 MPH)
|
| Bottom of the 3rd over - 0 runs, 0 hits, 1 error, 2 left on base; Corpus Christi 0 - Midland 1 |
| TOP OF THE 4TH |
|
Corpus Christi Hooks batting - Pitching for Midland RockHounds : RHP Nick Kirk
|
|
Batting: LHB Angelo Vasquez
|
0-0: Ball 1-0: Ball 2-0: Called Strike 2-1: Ball 3-1: Foul Ball, location: 2F 3-2: Foul Ball, location: 2F 3-2: Foul Ball, location: 2F 3-2: Base on Balls
|
|
Batting: LHB Sean Trueblood
|
0-0: Swinging Strike 0-1: Ball 1-1: Swinging Strike 1-2: Ball 2-2: Strikes out swinging
|
|
Batting: LHB Daniel Lopez
|
0-0: Swinging Strike 0-1: Foul Ball, location: 2F 0-2: Ball 1-2: Strikes out swinging
|
|
Batting: RHB Jim Huff
|
0-0: Called Strike 0-1: Ball 1-1: Swinging Strike 1-2: Foul Ball, location: 2F 1-2: Ball 2-2: Foul Ball, location: 2F 2-2: Strikes out looking
|
| Top of the 4th over - 0 runs, 0 hits, 0 errors, 1 left on base; Corpus Christi 0 - Midland 1 |
| BOTTOM OF THE 4TH |
|
Midland RockHounds batting - Pitching for Corpus Christi Hooks : RHP Mike Chisolm
|
|
Batting: SHB John Cummings
|
0-0: Called Strike 0-1: Swinging Strike 0-2: Ball 1-2: Ball 2-2: Foul Ball, location: 2F 2-2: Fly out, F8 (Line Drive, 8RM, EV 102.5 MPH)
|
|
Batting: RHB Zack DiCicco
|
0-0: Called Strike 0-1: Hit by Pitch
|
|
Batting: RHB Fathi Addae
|
0-0: Ball Zack DiCicco steals 2nd base (no throw) 1-0: Ground out 4-3 (Groundball, 4, EV 79.4 MPH) Zack DiCicco to third
|
|
Batting: RHB Bastiaan Leenders
|
0-0: Called Strike 0-1: SINGLE (Groundball, 6MS, EV 81.9 MPH) (infield hit) Zack DiCicco scores
|
|
Batting: LHB Angel Sanchez
|
0-0: Called Strike Bastiaan Leenders steals 2nd base 0-1: 2-RUN HOME RUN (Flyball, 89XD, EV 104.4 MPH), Distance : 411 ft
|
|
Batting: RHB Mario Ramos
|
0-0: Ball 1-0: SINGLE (Flyball, 89S, EV 90.0 MPH)
|
|
Batting: RHB Josh Sinden
|
0-0: Ball Mario Ramos steals 2nd, throwing error, E2 Mario Ramos to third 1-0: Called Strike 1-1: Ball 2-1: Foul Ball, location: 2F 2-2: Foul Ball, location: 2F 2-2: Ball 3-2: Base on Balls
|
|
Batting: LHB John Shults
|
0-0: Called Strike 0-1: Called Strike 0-2: SINGLE (Groundball, 56, EV 103.1 MPH) Mario Ramos scores Josh Sinden to second
|
|
Batting: LHB Chance Stever
|
0-0: SINGLE (Line Drive, 5D, EV 98.1 MPH) Josh Sinden to third John Shults to second Runner from 3rd tries for Home, SAFE, throw by LF to home
|
|
Pitching: RHP Isaiah McLaurin
|
|
|
Batting: SHB John Cummings
|
0-0: Called Strike 0-1: Ball 1-1: Foul Ball, location: 2F 1-2: Strikes out swinging
|
| Bottom of the 4th over - 5 runs, 5 hits, 1 error, 2 left on base; Corpus Christi 0 - Midland 6 |
| TOP OF THE 5TH |
|
Corpus Christi Hooks batting - Pitching for Midland RockHounds : RHP Nick Kirk
|
|
Batting: RHB Jordan Williams
|
0-0: Ball 1-0: Foul Ball, location: 2F 1-1: Foul Ball, location: 2F 1-2: Ball 2-2: Ball 3-2: DOUBLE (Flyball, 8LXD, EV 103.8 MPH)
|
|
Batting: RHB Zach Shaughnessy
|
0-0: Called Strike 0-1: Foul Ball, location: 2F 0-2: SINGLE (Line Drive, 56, EV 98.1 MPH) Jordan Williams to third
|
|
Batting: RHB Ray Finkle
|
0-0: Fly out, F8 (Flyball, 78M, EV 78.8 MPH)
|
|
Batting: RHB Antonio Aranda
|
0-0: Ball 1-0: Called Strike 1-1: Ball 2-1: Ball 3-1: Foul Ball, location: 2F 3-2: Fly out, F9 (Flyball, 89M, EV 84.4 MPH) Runner from 3rd tags up, OUT at HOME! 9-2
|
| Top of the 5th over - 0 runs, 2 hits, 0 errors, 1 left on base; Corpus Christi 0 - Midland 6 |
| BOTTOM OF THE 5TH |
|
Midland RockHounds batting - Pitching for Corpus Christi Hooks : RHP Isaiah McLaurin
|
|
Batting: RHB Zack DiCicco
|
0-0: Ball 1-0: SINGLE (Groundball, 34D, EV 94.4 MPH)
|
|
Batting: RHB Fathi Addae
|
0-0: Ball 1-0: Called Strike 1-1: Called Strike 1-2: Reached on error, E6 (Groundball, 6, EV 89.4 MPH) Zack DiCicco to second
|
|
Batting: RHB Bastiaan Leenders
|
0-0: DOUBLE (Flyball, 78D, EV 109.4 MPH) Zack DiCicco scores Fathi Addae to third
|
|
Batting: LHB Angel Sanchez
|
0-0: Ball 1-0: Called Strike 1-1: SINGLE (Line Drive, 56D, EV 110.0 MPH) Fathi Addae scores Bastiaan Leenders to third
|
|
Batting: RHB Mario Ramos
|
0-0: Ball 1-0: Ball 2-0: Ball 3-0: Called Strike 3-1: Called Strike 3-2: Foul Ball, location: 2F 3-2: SINGLE (Groundball, 6MD, EV 94.4 MPH) Bastiaan Leenders scores Angel Sanchez to second
|
|
Batting: RHB Josh Sinden
|
0-0: Ball 1-0: Ball 2-0: Called Strike 2-1: Ball 3-1: Foul Ball, location: 2F 3-2: Base on Balls Angel Sanchez to third Mario Ramos to second
|
|
Batting: LHB John Shults
|
0-0: Called Strike 0-1: Foul Ball, location: 2F 0-2: Ball 1-2: Foul Ball, location: 2F 1-2: Foul Ball, location: 2F 1-2: Fly out, F4 (Popup, 4, EV 56.3 MPH)
|
|
Batting: LHB Chance Stever
|
0-0: Called Strike 0-1: Ball 1-1: Fly out, F9 (Flyball, 89S, EV 73.8 MPH)
|
|
Batting: SHB John Cummings
|
0-0: Called Strike 0-1: Ball 1-1: Foul Ball, location: 2F 1-2: Foul Ball, location: 2F 1-2: Ball 2-2: Ball 3-2: Ground out U3 (Groundball, 3, EV 91.3 MPH)
|
| Bottom of the 5th over - 3 runs, 4 hits, 1 error, 3 left on base; Corpus Christi 0 - Midland 9 |
| TOP OF THE 6TH |
|
Corpus Christi Hooks batting - Pitching for Midland RockHounds : RHP Nick Kirk
|
|
Pitching: LHP Jin-ho Koo
|
|
|
Batting: RHB Antonio Gamez
|
0-0: Called Strike 0-1: Ball 1-1: Swinging Strike 1-2: Strikes out swinging
|
|
Batting: LHB Angelo Vasquez
|
0-0: Ball 1-0: Ball 2-0: Foul Ball, location: 2F 2-1: Swinging Strike 2-2: Foul Ball, location: 2F 2-2: Ground out 6-3 (Groundball, 6, EV 83.1 MPH)
|
|
Batting: LHB Sean Trueblood
|
0-0: Called Strike 0-1: Swinging Strike 0-2: Strikes out swinging
|
| Top of the 6th over - 0 runs, 0 hits, 0 errors, 0 left on base; Corpus Christi 0 - Midland 9 |
| BOTTOM OF THE 6TH |
|
Midland RockHounds batting - Pitching for Corpus Christi Hooks : RHP Isaiah McLaurin
|
|
Batting: RHB Zack DiCicco
|
0-0: Ball 1-0: Ball 2-0: Foul Ball, location: 2F 2-1: Ball 3-1: Base on Balls
|
|
Batting: RHB Fathi Addae
|
0-0: Ball 1-0: SINGLE (Groundball, 5S, EV 73.1 MPH) (infield hit) Zack DiCicco to second
|
|
Batting: RHB Bastiaan Leenders
|
0-0: Swinging Strike 0-1: Ball 1-1: Ball 2-1: Foul Ball, location: 2F 2-2: Ball 3-2: Base on Balls Zack DiCicco to third Fathi Addae to second
|
|
Batting: LHB Angel Sanchez
|
0-0: Called Strike 0-1: Ball 1-1: Ball 2-1: Ball 3-1: Foul Ball, location: 2F 3-2: Base on Balls Zack DiCicco scores Fathi Addae to third Bastiaan Leenders to second
|
|
Pitching: RHP Jon Manwaring
|
|
|
Batting: RHB Mario Ramos
|
0-0: Ball 1-0: SINGLE (Groundball, 6MD, EV 96.3 MPH) Fathi Addae scores Bastiaan Leenders to third Angel Sanchez to second
|
|
Batting: RHB Josh Sinden
|
0-0: Ball 1-0: Ball 2-0: Ball 3-0: Called Strike 3-1: Called Strike 3-2: Strikes out swinging
|
|
Batting: LHB John Shults
|
0-0: Fly out, F7 (Flyball, 78D, EV 83.1 MPH) Runner from 3rd tags up, SCORES, no throw by LF
|
|
Batting: LHB Chance Stever
|
0-0: Ball 1-0: Foul Ball, location: 2F 1-1: Ball 2-1: Foul Ball, location: 2F 2-2: Ball 3-2: Ground out 4-3 (Groundball, 34, EV 84.4 MPH)
|
| Bottom of the 6th over - 3 runs, 2 hits, 0 errors, 2 left on base; Corpus Christi 0 - Midland 12 |
| TOP OF THE 7TH |
|
Corpus Christi Hooks batting - Pitching for Midland RockHounds : LHP Jin-ho Koo
|
|
DELAY
|
Rain delay of 23 minutes in the 7th inning.
|
|
Batting: LHB Daniel Lopez
|
0-0: Ball 1-0: Ground out 6-3 (Groundball, 6S, EV 89.4 MPH)
|
|
Batting: RHB Jim Huff
|
0-0: Ball 1-0: Called Strike 1-1: Swinging Strike 1-2: Strikes out swinging
|
|
Batting: RHB Jordan Williams
|
0-0: Called Strike 0-1: Called Strike 0-2: Ground out 6-3 (Groundball, 6, EV 109.4 MPH)
|
| Top of the 7th over - 0 runs, 0 hits, 0 errors, 0 left on base; Corpus Christi 0 - Midland 12 |
| BOTTOM OF THE 7TH |
|
Midland RockHounds batting - Pitching for Corpus Christi Hooks : RHP Jon Manwaring
|
|
Batting: SHB John Cummings
|
0-0: Foul Ball, location: 2F 0-1: Called Strike 0-2: Strikes out swinging
|
|
Batting: RHB Zack DiCicco
|
0-0: Swinging Strike 0-1: SINGLE (Line Drive, 4M, EV 109.4 MPH)
|
|
Pinch Hitting: RHB Justin Menotti
|
0-0: Called Strike 0-1: Called Strike 0-2: Strikes out swinging
|
|
Batting: RHB Bastiaan Leenders
|
0-0: Ball 1-0: Ball 2-0: Swinging Strike 2-1: Ball 3-1: Called Strike 3-2: Foul Ball, location: 2F 3-2: Foul Ball, location: 2F 3-2: SINGLE (Groundball, 6MD, EV 101.3 MPH) Zack DiCicco to second Zack DiCicco to third
|
|
Batting: LHB Angel Sanchez
|
0-0: Foul Ball, location: 2F 0-1: Ball 1-1: SINGLE (Groundball, 6MD, EV 96.9 MPH) Zack DiCicco scores Bastiaan Leenders to second
|
|
Batting: RHB Mario Ramos
|
0-0: Reached on error, E4 (Groundball, 34, EV 86.9 MPH) Bastiaan Leenders scores Angel Sanchez to third
|
|
Pitching: LHP Chris McGrath
|
|
|
Batting: RHB Josh Sinden
|
0-0: Ball 1-0: Ball 2-0: Ball 3-0: Called Strike 3-1: Base on Balls
|
|
Batting: LHB John Shults
|
0-0: Ball 1-0: GRAND SLAM HOME RUN (Line Drive, 9D, EV 101.9 MPH), Distance : 392 ft
|
|
Batting: LHB Chance Stever
|
0-0: Swinging Strike 0-1: Ball 1-1: Foul Ball, location: 2F 1-2: Foul Ball, location: 2F 1-2: Ball 2-2: Fly out, F8 (Line Drive, 8RD, EV 106.9 MPH)
|
| Bottom of the 7th over - 6 runs, 4 hits, 1 error, 0 left on base; Corpus Christi 0 - Midland 18 |
| TOP OF THE 8TH |
|
Corpus Christi Hooks batting - Pitching for Midland RockHounds : LHP Jin-ho Koo
|
|
Now at 2B: Zack DiCicco
|
|
|
Now at 3B: Justin Menotti
|
|
|
Batting: RHB Zach Shaughnessy
|
0-0: Swinging Strike 0-1: Ball 1-1: Foul Ball, location: 2F 1-2: Strikes out swinging
|
|
Batting: RHB Ray Finkle
|
0-0: Ball 1-0: Foul Ball, location: 2F 1-1: Ball 2-1: Swinging Strike 2-2: Strikes out swinging
|
|
Batting: RHB Antonio Aranda
|
0-0: Ball 1-0: Fly out, F7 (Flyball, 78D, EV 80.6 MPH)
|
| Top of the 8th over - 0 runs, 0 hits, 0 errors, 0 left on base; Corpus Christi 0 - Midland 18 |
| BOTTOM OF THE 8TH |
|
Midland RockHounds batting - Pitching for Corpus Christi Hooks : LHP Chris McGrath
|
|
Batting: SHB John Cummings
|
0-0: Ball 1-0: Called Strike 1-1: Ball 2-1: Foul Ball, location: 2F 2-2: Ball 3-2: Foul Ball, location: 2F 3-2: Base on Balls
|
|
Pitching: RHP Chad Curry
|
|
|
Batting: RHB Zack DiCicco
|
0-0: Swinging Strike 0-1: Ball 1-1: Hit by Pitch John Cummings to second
|
|
Batting: RHB Justin Menotti
|
0-0: Foul Ball, location: 2F 0-1: Called Strike 0-2: Foul Ball, location: 2F 0-2: Ball 1-2: Strikes out swinging
|
|
Batting: RHB Bastiaan Leenders
|
0-0: Called Strike 0-1: Ball 1-1: Foul Ball, location: 2F 1-2: Fielders Choice at 2nd, 3-6 (Groundball, 34, EV 79.4 MPH) John Cummings to third
|
|
Batting: LHB Angel Sanchez
|
0-0: Foul Ball, location: 2F 0-1: Ball 1-1: Ball 2-1: Ball 3-1: Called Strike 3-2: Base on Balls Bastiaan Leenders to second
|
|
Pitching: RHP Bill Garcia
|
|
|
Batting: RHB Mario Ramos
|
0-0: SINGLE (Groundball, 6MD, EV 101.3 MPH) John Cummings scores Bastiaan Leenders to third Angel Sanchez to second Runner from 3rd tries for Home, SAFE, throw by CF to home
|
|
Batting: RHB Josh Sinden
|
0-0: Ball 1-0: Foul Ball, location: 2F 1-1: Foul Ball, location: 2F 1-2: Foul Ball, location: 2F 1-2: Ball 2-2: Ground out 4-3 (Groundball, 4, EV 89.4 MPH)
|
| Bottom of the 8th over - 2 runs, 1 hit, 0 errors, 2 left on base; Corpus Christi 0 - Midland 20 |
| TOP OF THE 9TH |
|
Corpus Christi Hooks batting - Pitching for Midland RockHounds : LHP Jin-ho Koo
|
|
Batting: RHB Antonio Gamez
|
0-0: Called Strike 0-1: Foul Ball, location: 2F 0-2: Strikes out swinging
|
|
Pitching: RHP John Barney
|
|
|
Batting: LHB Angelo Vasquez
|
0-0: Foul Ball, location: 2F 0-1: Ball 1-1: Ball 2-1: Fly out, F7 (Flyball, 7S, EV 91.9 MPH)
|
|
Batting: LHB Sean Trueblood
|
0-0: Ball 1-0: Ball 2-0: Called Strike 2-1: Ball 3-1: Called Strike 3-2: Base on Balls
|
|
Batting: LHB Daniel Lopez
|
0-0: Ball 1-0: Swinging Strike 1-1: Ground out U3 (Groundball, 3L, EV 103.1 MPH)
|
| Top of the 9th over - 0 runs, 0 hits, 0 errors, 1 left on base; Corpus Christi 0 - Midland 20 |
|